 Dungeon Crawl Stone Soup version 0.30.0-13-g156ef70053 (webtiles) character file.

Game seed: 14194779388834180613

877 Esekla the Slasher (level 8, -1/46 HPs)
             Began as a Tengu Warper on May 17, 2023.
             Was a Priest of Kikubaaqudgha.
             Slain by a water moccasin (8 damage)
             ... on level 5 of the Dungeon.
             The game lasted 00:26:14 (5229 turns).

Esekla the Slasher (Tengu Warper)                   Turns: 5229, Time: 00:26:14

Health: -1/46      AC:  3    Str: 11    XL:     8   Next: 4%
Magic:  24/24      EV: 16    Int: 16    God:    Kikubaaqudgha [***...]
Gold:   278        SH:  0    Dex: 14    Spells: 1/15 levels left

rFire   . . .        a - +0 long sword
rCold   . . .        (no shield)
rNeg    . . .        y - +1 robe {Will+}
rPois   .            (helmet restricted)
rElec   .            (no cloak)
rCorr   .            (no gloves)
SInv    .            (boots unavailable)
Will    +....        G - amulet of regeneration
Stlth   ++           m - ring of magical power
HPRegen 1.07/turn    q - ring of wizardry
MPRegen 0.19/turn

%: wizardry (x1)
@: lethally poisoned (-1 -> -7), flying quickly and evasively, quick
A: beak, talons 3, nimble flight
a: Renounce Religion, Unearth Wretches


You were on level 5 of the Dungeon.
You worshipped Kikubaaqudgha.
Kikubaaqudgha was most pleased with you.
You visited 2 branches of the dungeon, and saw 6 of its levels.
You also visited: Sewer.

You collected 278 gold pieces.

Inventory:

Hand Weapons
 a - a +0 long sword (weapon)
 r - a +0 trident
 s - a +0 dagger of flaming
Missiles
 d - 2 boomerangs of dispersal
 e - 4 boomerangs
 x - 10 poisoned darts (quivered)
Armour
 y - a +1 robe of willpower (worn)
Jewellery
 i - a ring of fire
 m - a ring of magical power (left hand)
 q - a ring of wizardry (right hand)
 v - a +6 ring of strength
 w - a ring of protection from cold
 G - an amulet of regeneration (around neck)
Wands
 I - a wand of iceblast (6)
Scrolls
 c - 2 scrolls of blinking
 g - 5 scrolls of teleportation
 h - 3 scrolls of immolation {unknown}
 l - 3 scrolls of vulnerability {unknown}
 n - a scroll of poison {unknown}
 o - 4 scrolls of fear {unknown}
 A - 2 scrolls of torment {unknown}
 C - a scroll of brand weapon {unknown}
 D - 3 scrolls of magic mapping {unknown}
 F - a scroll of amnesia {unknown}
 H - 2 scrolls of enchant weapon {unknown}
Potions
 k - 2 potions of curing
 p - a potion of heal wounds
 t - a potion of resistance {unknown}
 u - 2 potions of lignification
 z - a potion of degeneration {unknown}
 B - 2 potions of magic
 E - a potion of cancellation {unknown}
 J - a potion of might {unknown}
 K - a potion of haste {unknown}


   Skills:
 * Level 3.3 Fighting
 * Level 4.9 Long Blades
 + Level 1.4 Throwing
 + Level 2.1 Armour
 * Level 4.1 Dodging
 + Level 1.0 Stealth
 * Level 4.0 Spellcasting
 * Level 2.9 Necromancy
 + Level 2.6 Translocations
 * Level 1.3 Transmutations
 * Level 2.8 Air Magic


You had one spell level left.
You knew the following spells:

 Your Spells              Type           Power      Damage    Failure   Level
b - Blink                 Tloc           22%        N/A       3%          2
d - Vampiric Draining     Necr           12%        2d6       6%          3
h - Vhi's Electric Charg  Tloc/Air       24%        N/A       6%          3
u - Dispel Undead         Necr           12%        3d9       21%         4
w - Wereblood             Tmut           7%         N/A       6%          2

Your spell library contained the following spells:

 Spells                   Type           Power      Damage    Failure   Level
 Necrotise                Necr           48%        1d6       1%          1
 Beastly Appendage        Tmut           14%        N/A       4%          1
 Lesser Beckoning         Tloc           22%        N/A       3%          2
 Sublimation of Blood     Necr           12%        N/A       3%          2
 Cigotuvi's Dreadful Rot  Necr/Pois/Air  18%        N/A       4%          2
 Teleport Other           Tloc           11%        N/A       7%          3
 Scorch                   Fire           6%         2d5       11%         2
 Spider Form              Tmut/Pois      5%         N/A       16%         3
 Manifold Assault         Tloc           11%        N/A       22%         4
 Anguish                  Hex/Necr       3%         N/A       34%         4
 Agony                    Necr           12%        N/A       45%         5
 Flame Wave               Conj/Fire      3%         2d5       52%         4
 Borgnjor's Vile Clutch   Necr/Erth      3%         N/A       67%         5
 Death Channel            Necr           6%         N/A       95%         6
 Summon Cactus Giant      Summ           1%         N/A       100%        6


Dungeon Overview and Level Annotations

Branches:
Dungeon (5/15)             Temple (1/1) D:4           Sewer (visited)

Altars:
Ashenzari
Cheibriados
Fedhas
Gozag
Hepliaklqana
Kikubaaqudgha
Makhleb
Nemelex Xobeh
Okawaru
Qazlal
Ru
Sif Muna
Trog
Wu Jian
Xom
Yredelemnul
Zin
The Shining One

Shops:
D:3 (

Annotations:
D:2 1 runed translucent door, Crazy Yiuf
Temple Eustachio


Innate Abilities, Weirdness & Mutations

You have a beak for a mouth.
You have claws for feet.
Your magical nature lets you fly swiftly and evasively.


Message History

A gnoll comes into view. It is wielding a +0 whip.
A water moccasin and 2 gnolls come into view.
A gnoll is wielding a +2 flail of protection.
A gnoll is wielding a +2 heavy spear.
Found 15 gold pieces.
The water moccasin hisses angrily.
The gnoll shouts! x2; You hear a shout!
A gnoll comes into view. It is wielding a +0 club.
The gnoll shouts!
Found 7 gold pieces.
The gnoll throws a throwing net.
The throwing net hits you.
You become entangled in the net!
You see here a throwing net.
You struggle against the net.
You struggle against the net.
The water moccasin bites you.
You are poisoned.
The water moccasin poisons you!
You struggle against the net.
You feel very sick. The water moccasin barely misses you.
You struggle against the net.
You feel very sick. The water moccasin bites you!
You are more poisoned.
The water moccasin poisons you! The gnoll closely misses you.
You struggle against the net.
You feel very sick.
The water moccasin bites you but does no damage.
The gnoll hits you from afar with a +2 heavy spear.
The water moccasin misses you.
You rip the net and break free!
You feel very sick. The water moccasin barely misses you.
The gnoll hits you from afar with a +2 heavy spear!
* * * LOW HITPOINT WARNING * * *
The water moccasin attacks as you move away!
The water moccasin completely misses you.
* * * LOW HITPOINT WARNING * * *
You feel very sick. The water moccasin bites you!
You die...
Kikubaaqudgha rasps: "You have failed me!
Welcome... death!"

####..... ..... ....
##....... ....#
...... #........
..[..# ......
........###......
......
..........#......#
......
#.g..gg.#.......
.....
.......#gg........
#..
......###S........
#. ###.$. #@....#...
#.##. #.. ##........
##..>. ##.
#....!##.# .#..### #
###..!##.###.....##
#...#.##.#...##..#.
##.......##..##....
###....#......##....
#.............##....
#...<......#..#.....


You could see a water moccasin and 4 gnolls.

Vanquished Creatures
  A hornet (D:4)
  A water moccasin (Sewer)
  A phantom (D:4)
  Blork the orc (D:5)
  A jelly (D:4)
  A hound (D:4)
  2 sleepcaps
  Jessica (D:3)
  An iguana (D:5)
  4 orc wizards (D:4)
  A gnoll (D:3)
  5 adders
  3 worms
  A dart slug (D:3)
  8 orcs
  5 bats
  7 endoplasms
  11 giant cockroaches
  6 goblins
  6 hobgoblins
  5 jackals
  6 kobolds
  9 quokkas
  9 ball pythons
  3 frilled lizards
  3 rats
102 creatures vanquished.

Notes
Turn   | Place    | Note
-------+----------+-------------------------------------------
     0 | D:1      | Esekla the Tengu Warper began the quest for the Orb.
     0 | D:1      | Reached XP level 1. HP: 12/12 MP: 4/4
   142 | D:1      | Reached XP level 2. HP: 4/17 MP: 6/6
   203 | D:1      | Learned a level 2 spell: Blink
   210 | D:1      | You fall into a shaft and drop 1 floor!
   604 | D:1      | Reached XP level 3. HP: 21/21 MP: 7/7
  1356 | D:2      | Found a runed translucent door.
  1357 | D:2      | Noticed Crazy Yiuf
  1910 | D:2      | Reached XP level 4. HP: 27/27 MP: 8/8
  2387 | D:3      | Found Zegh's Antique Weapon Boutique.
  2406 | D:3      | Identified the +2 ring mail "Wipteuf" {Str+4 Int-4}
  2526 | D:3      | Found a faded altar of an unknown god.
  2536 | D:3      | Prayed at the altar of an unknown god.
  2536 | D:3      | Became a worshipper of Kikubaaqudgha
  2536 | D:3      | Reached * piety under Kikubaaqudgha
  2536 | D:3      | Received a gift from Kikubaaqudgha
  2545 | D:3      | Learned a level 3 spell: Vampiric Draining
  2549 | D:3      | Learned a level 3 spell: Vhi's Electric Charge
  2724 | D:3      | Noticed Jessica
  2734 | D:3      | Killed Jessica
  3062 | D:3      | Gained mutation: Your magical nature lets you fly swiftly
                  | and evasively. [Tengu growth]
  3062 | D:3      | Reached XP level 5. HP: 24/31 MP: 10/10
  3259 | D:4      | Found a staircase to the Ecumenical Temple.
  3260 | D:4      | Noticed Eustachio
  3277 | Temple   | Entered the Ecumenical Temple
  3503 | D:4      | Reached skill level 1 in Air Magic
  3941 | D:4      | Reached skill level 1 in Necromancy
  3941 | D:4      | Reached XP level 6. HP: 36/36 MP: 11/11
  3943 | D:4      | Reached ** piety under Kikubaaqudgha
  4495 | D:4      | Learned a level 2 spell: Wereblood
  4501 | D:5      | Entered Level 5 of the Dungeon
  4569 | D:5      | Noticed Blork the orc
  4569 | D:5      | Noticed a hornet
  4579 | D:4      | Killed a hornet
  4580 | D:4      | Reached XP level 7. HP: 41/41 MP: 13/13
  4615 | D:4      | Reached skill level 1 in Stealth
  4677 | D:5      | Killed Blork the orc
  4678 | D:5      | Reached skill level 1 in Transmutations
  4839 | D:5      | Found a glowing drain.
  4866 | Sewer    | Entered a sewer
  4926 | Sewer    | Reached XP level 8. HP: 5/46 MP: 10/15
  5156 | D:5      | Reached *** piety under Kikubaaqudgha
  5156 | D:5      | Received a gift from Kikubaaqudgha
  5171 | D:5      | Learned a level 4 spell: Dispel Undead
  5181 | D:5      | Found a basalt altar of Yredelemnul.
  5183 | D:5      | Found an opulent altar of Gozag.
  5186 | D:5      | Found a stormy altar of Qazlal.
  5229 | D:5      | Slain by a water moccasin

Illustrated notes

Levels and vault maps discovered:
D:1:      onia_arrival_pentagram, layout_basic
D:2:      layout_basic, uniq_crazy_yiuf_cottage
D:3:      layout_rooms, serial_shops, shop, ebering_ecumenical_altar_webs,
          corner_web_ring, st_stairs_4, chequers_jeans, hex_medium, uniq_jessica
D:4:      layout_basic, minmay_temple_entry_offerings, supply_closet_lemuel,
          minmay_bent, uniq_eustachio
D:5:      layout_cave_pools, gammafunk_temple_overflow_forgotten,
          gup_sewer_entry_pipe, st_stairs_9, uniq_blork_the_orc
Temple:   sentei_temple_godly_chess

Skill      XL: |  1  2  3  4  5  6  7 |
---------------+----------------------+-----
Armour         | 2 |  2.1
Long Blades    | 3 4 |  4.9
Dodging        | 3 4 |  4.1
Air Magic      | 1 2 |  2.8
Spellcasting   | 3 4 |  4.0
Necromancy     | 1 2 |  2.9
Fighting       | 3 |  3.3
Stealth        | 1 |  1.0
Transmutations | 1 |  1.3
Throwing       | |  1.4
Translocations | |  2.6

Action                     |  1- 3 |  4- 6 |  7- 9 || total
---------------------------+-------+-------+-------++-------
  Melee: Falchion          |   104 |    50 |       ||   154
         Kick              |    35 |    31 |    24 ||    90
         Peck              |    12 |    12 |    13 ||    37
         Punch             |     1 |     1 |     3 ||     5
         Long sword        |       |    55 |    72 ||   127
         Dagger            |       |     2 |       ||     2
  Throw: Dart              |       |    12 |     6 ||    18
         Boomerang         |       |     6 |       ||     6
   Cast: Blink             |     1 |     2 |       ||     3
         Vampiric Draining |       |    12 |    15 ||    27
    Use: Potion            |       |       |     2 ||     2
         Scroll            |       |       |     6 ||     6
   Stab: Sleeping          |       |     1 |       ||     1
 Armour: Leather armour    |    31 |     5 |       ||    36
         Robe              |       |    16 |    15 ||    31
  Dodge: Dodged            |    69 |    89 |    92 ||   250
